Construct Section Command Post
Selects Indian Artillery Battlegroup
Selects Indian Artillery Battlegroup
Construct Platoon Command Post
Selects Gurkha Rifles Section
Unlock M3 Stuart Light Tanks
Construct Field Infirmary
Selects Artillery Saturation
Selects Off-map Airburst Barrage
Construct Company Command Post
Unlock Towed 17-pounder Anti-tank Guns
Selects BL5.5 Artillery Emplacement
17-pounder Anti-tank Gun Team